 Dungeon Crawl Stone Soup version 0.29-a0-375-g5102b3be25 (webtiles) character file.

Game seed: 2142998221727460211

1335 happo123 the Ducker (level 8, -3/58 HPs)
             Began as a Gnoll Wanderer on May 3, 2022.
             Slain by a two-headed ogre
             ... wielding a +0 giant club
              (6 damage)
             ... on level 5 of the Dungeon.
             The game lasted 00:45:56 (5561 turns).

happo123 the Ducker (Gnoll Wanderer)                Turns: 5561, Time: 00:45:57

Health: -3/58      AC: 19    Str: 12 (13) XL:     8   Next: 61%
Magic:  0/13       EV: 12    Int:  9 (10) God:
Gold:   339        SH:  0    Dex: 17 (20) Spells: 13/13 levels left

rFire   . . .      SeeInvis .   a - +2 shortbow
rCold   . . .      Faith    .   (shield currently unavailable)
rNeg    . . .      Spirit   +   t - +2 chain mail {Will+}
rPois   .          Reflect  .   H - +2 helmet
rElec   .          Harm     .   F - +2 cloak
rCorr   .          Rampage  .   i - +0 pair of gloves
Will    +....                   (no boots)
Stlth   ..........              K - amulet of guardian spirit
HPRegen 0.19/turn               r - +4 ring of evasion
MPRegen 0.13/turn               x - +6 ring of dexterity

@: no status effects
A: fangs 1, strong nose, distributed training
a: no special abilities


You were on level 5 of the Dungeon.
You visited 1 branch of the dungeon, and saw 6 of its levels.

You collected 339 gold pieces.

Inventory:

Hand Weapons
 a - a +2 shortbow (weapon)
 b - a +0 hand axe
Missiles
 v - a throwing net
Armour
 i - a +0 pair of gloves (worn)
 n - an orb of energy
 o - a +2 helmet
 t - a +2 chain mail of willpower (worn)
 y - a +0 leather armour of positive energy
 z - a +2 buckler of poison resistance
 D - a +0 pair of gloves
 F - a +2 cloak (worn)
 H - a +2 helmet (worn)
 J - a +0 leather armour of fire resistance
Magical Staves
 C - a staff of fire
Jewellery
 r - a +4 ring of evasion (left hand)
 x - a +6 ring of dexterity (right hand)
 B - a ring of positive energy
 I - a ring of willpower
 K - an amulet of guardian spirit (around neck)
Scrolls
 c - a scroll of brand weapon {unknown}
 d - a scroll of silence
 e - 2 scrolls of magic mapping {unknown}
 f - 2 scrolls of noise
 h - 2 scrolls of summoning {unknown}
 j - a scroll of fog {unknown}
 k - 2 scrolls of identify
 l - 2 scrolls of enchant armour
 q - 3 scrolls of poison
 u - a scroll of amnesia {unknown}
 w - 2 scrolls of immolation
 E - a scroll of vulnerability {unknown}
Potions
 g - a potion of curing {unknown}
 m - 2 potions of flight {unknown}
 p - a potion of mutation {unknown}
 s - 2 potions of heal wounds {unknown}
 A - 2 potions of degeneration
 G - a potion of berserk rage {unknown}


   Skills:
 + Level 3.4 Fighting
 + Level 3.4 Short Blades
 + Level 3.4 Long Blades
 + Level 5.8 Axes
 + Level 3.4 Maces & Flails
 + Level 3.4 Polearms
 + Level 3.4 Staves
 + Level 3.4 Slings
 + Level 7.4 Bows
 + Level 3.4 Crossbows
 + Level 3.4 Throwing
 + Level 4.3 Armour
 + Level 7.4 Dodging
 + Level 4.2 Stealth
 + Level 3.4 Shields
 + Level 3.4 Unarmed Combat
 + Level 3.4 Spellcasting
 + Level 2.8 Conjurations
 + Level 2.8 Hexes
 + Level 2.8 Summonings
 + Level 2.8 Necromancy
 + Level 2.8 Translocations
 + Level 2.8 Transmutations
 + Level 2.8 Fire Magic
 + Level 2.8 Ice Magic
 + Level 2.8 Air Magic
 + Level 2.8 Earth Magic
 + Level 2.8 Poison Magic
 + Level 3.7 Invocations
 + Level 3.4 Evocations


You had 13 spell levels left.
You didn't know any spells.
Your spell library contained the following spells:

 Spells                   Type           Power      Damage    Failure   Level
 Animate Skeleton         Necr           12%        N/A       97%         1
 Apportation              Tloc           12%        N/A       97%         1
 Summon Small Mammal      Summ           24%        N/A       97%         1
 Static Discharge         Conj/Air       6%         N/A       99%         2
 Gell's Gravitas          Tloc           6%         N/A       100%        3
 Lesser Beckoning         Tloc           6%         N/A       100%        3
 Teleport Other           Tloc           6%         N/A       100%        3
 Fireball                 Conj/Fire      3%         3d4       100%        5
 Iskenderun's Battlesphe  Conj           6%         2d6       100%        5
 Lightning Bolt           Conj/Air       3%         1d14      100%        5
 Conjure Ball Lightning   Conj/Air       3%         3x3d6     100%        6
 Orb of Destruction       Conj           3%         9d5       100%        7
 Maxwell's Capacitive Co  Air            3%         ∞         100%        8


Dungeon Overview and Level Annotations

Branches:
Dungeon (6/15)
 Temple: D:4-7

Altars:
Dithmenos
Wu Jian

Shops:
D:3 [   D:4 *


Innate Abilities, Weirdness & Mutations

You have very sharp teeth.
Your uncanny sense of smell can sniff out nearby items.
Your experience applies equally to all skills.


Message History

The two-headed ogre is heavily wounded.
The two-headed ogre hits you with a +0 giant club!!
* * * LOW HITPOINT WARNING * * *
The two-headed ogre closely misses you.
You see here 6 boomerangs.
There is an open door here.
There is an open door here.
A two-headed ogre is nearby!
You see here 6 boomerangs.
There is an open door here.
There is an open door here.
You see here 6 boomerangs.
There is an open door here.
You close the door.
A two-headed ogre opens the door.
There is an open door here.
The two-headed ogre attacks as you move away!
The two-headed ogre closely misses you.
The two-headed ogre completely misses you.
The two-headed ogre attacks as you move away!
The two-headed ogre hits you with a +0 giant club! x2
* * * LOW HITPOINT WARNING * * *
Shoot: a) +2 shortbow
Press: ? - help, Shift-Dir - straight line, f/p - two-headed ogre
Aim: a two-headed ogre, wielding two +0 giant clubs (79% to hit)
You shoot an arrow. The arrow hits the two-headed ogre!
The two-headed ogre is moderately wounded.
The two-headed ogre hits you but does no damage.
The two-headed ogre closely misses you.
Shoot: a) +2 shortbow
Press: ? - help, Shift-Dir - straight line, f/p - two-headed ogre
Aim: a two-headed ogre, wielding two +0 giant clubs (lightly wounded, 79% to hit)
You shoot an arrow.
The arrow barely misses the two-headed ogre.
The two-headed ogre hits you but does no damage.
The two-headed ogre barely misses you.
The two-headed ogre attacks as you move away!
The two-headed ogre hits you with a +0 giant club!!
* * * LOW HITPOINT WARNING * * *
The two-headed ogre hits you with a +0 giant club!
You die...

###### ##'## #.#.#.#
.....# #.# #.#.#.#
####.# #.# #...†.# #.#
##.####### ###.###
####.###...##...## #.#
..##(##..........## #.#
#.##.###.........[# #.#
#.................####.#
####.####.#....O@......#
.....# #.#.......######
###### #.#.#...#.# ##
#.#.......# .#
#.######### .# #># .#
#.# .##### #.##########
.....# #..........#


You could see a two-headed ogre.

Vanquished Creatures
  Grinder (D:4)
  Eustachio (D:5)
  An ice beast (D:4)
  A black bear (D:5)
  A centaur (D:6)
  A kobold brigand (D:4)
  The ghost of SirDiesAlot the Conjurer, an amateur DECj (D:3)
  A bullfrog (D:6)
  A scorpion (D:4)
  2 quasits (D:3)
  3 hounds
  A jelly (D:5)
  An orc priest (D:6)
  3 iguanas
  Terence (D:2)
  An orc wizard (D:6)
  Robin (D:2)
  4 adders
  A shadow imp (D:5)
  A white imp (D:6)
  An ufetubus (D:6)
  A worm (D:2)
  2 dart slugs
  2 orcs (D:6)
  3 ball pythons
  7 endoplasms
  3 giant cockroaches
  16 goblins
  5 hobgoblins
  4 jackals (D:1)
  4 quokkas
  6 bats
  2 frilled lizards
  7 kobolds
  4 rats
95 creatures vanquished.

Notes
Turn   | Place    | Note
-------+----------+-------------------------------------------
     0 | D:1      | happo123 the Gnoll Wanderer began the quest for the Orb.
     0 | D:1      | happo123 set off with the following items: a +2 shortbow, a
                  | +0 hand axe, a +0 cloak, a scroll of silence, a +0 leather
                  | armour
     0 | D:1      | Reached XP level 1. HP: 13/13 MP: 1/1
   181 | D:1      | Reached XP level 2. HP: 19/19 MP: 2/2
   749 | D:1      | Reached XP level 3. HP: 25/25 MP: 3/3
   929 | D:2      | Noticed Robin
   933 | D:2      | Reached skill level 1 in Invocations
   938 | D:2      | Killed Robin
   939 | D:2      | Reached skill level 1 in Fighting
   939 | D:2      | Reached skill level 1 in Short Blades
   939 | D:2      | Reached skill level 1 in Long Blades
   939 | D:2      | Reached skill level 1 in Maces & Flails
   939 | D:2      | Reached skill level 1 in Polearms
   939 | D:2      | Reached skill level 1 in Staves
   939 | D:2      | Reached skill level 1 in Slings
   939 | D:2      | Reached skill level 1 in Crossbows
   939 | D:2      | Reached skill level 1 in Throwing
   939 | D:2      | Reached skill level 1 in Shields
   939 | D:2      | Reached skill level 1 in Unarmed Combat
   939 | D:2      | Reached skill level 1 in Spellcasting
   939 | D:2      | Reached skill level 1 in Evocations
   945 | D:2      | Reached XP level 4. HP: 15/32 MP: 5/5
  1122 | D:2      | Found a faded altar of an unknown god.
  1540 | D:2      | Noticed Terence
  1549 | D:2      | Killed Terence
  1550 | D:2      | Reached skill level 1 in Conjurations
  1550 | D:2      | Reached skill level 1 in Hexes
  1550 | D:2      | Reached skill level 1 in Summonings
  1550 | D:2      | Reached skill level 1 in Necromancy
  1550 | D:2      | Reached skill level 1 in Translocations
  1550 | D:2      | Reached skill level 1 in Transmutations
  1550 | D:2      | Reached skill level 1 in Fire Magic
  1550 | D:2      | Reached skill level 1 in Ice Magic
  1550 | D:2      | Reached skill level 1 in Air Magic
  1550 | D:2      | Reached skill level 1 in Earth Magic
  1550 | D:2      | Reached skill level 1 in Poison Magic
  1681 | D:3      | Found Nyithrics's Antique Armour Emporium.
  1940 | D:3      | Found a transporter.
  1944 | D:3      | Noticed SirDiesAlot's ghost (amateur DECj)
  1971 | D:3      | Killed SirDiesAlot's ghost
  1972 | D:3      | Reached XP level 5. HP: 28/37 MP: 5/7
  2025 | D:3      | Found a transporter.
  2049 | D:3      | Reached XP level 6. HP: 12/44 MP: 8/8
  2855 | D:4      | Noticed Grinder
  2871 | D:4      | Killed Grinder
  2872 | D:4      | Reached skill level 5 in Axes
  3117 | D:4      | Found Cool's Overcharged Wands.
  3137 | D:4      | Reached XP level 7. HP: 27/51 MP: 10/10
  3236 | D:4      | Found a shadowy altar of Dithmenos.
  4046 | D:5      | Entered Level 5 of the Dungeon
  4355 | D:5      | Reached XP level 8. HP: 51/57 MP: 12/12
  4608 | D:5      | Found an ornate altar of the Wu Jian Council.
  4790 | D:5      | Noticed Eustachio
  4810 | D:5      | Killed Eustachio
  4954 | D:5      | You fall into a shaft and drop 1 floor!
  5079 | D:6      | Noticed a two-headed ogre
  5561 | D:5      | Slain by a two-headed ogre

Illustrated notes

Levels and vault maps discovered:
D:1:      lightli_arrival_flooded_house, layout_loops_corners
D:2:      layout_basic, ebering_ecumenical_altar_webs,
          nicolae_elevator_lobby_asterisk, uniq_terence, uniq_robin
D:3:      layout_basic, serial_shops, shop, gammafunk_ghost_stat_death
D:4:      layout_loops_ring, nicolae_dithmenos_the_darkroom,
          gup_sewer_entry_spiral, nicolae_shop_overcharged_wands, uniq_grinder
D:5:      layout_loops_corners, mainiacjoe_overflow_alcove_4, uniq_eustachio
D:6:      layout_rooms

Skill      XL: |  1  2  3  4  5  6  7  8 |
---------------+-------------------------+-----
Invocations    | 1 2 3 |  3.7
Fighting       | 1 2 3 |  3.4
Short Blades   | 1 2 3 |  3.4
Long Blades    | 1 2 3 |  3.4
Maces & Flails | 1 2 3 |  3.4
Polearms       | 1 2 3 |  3.4
Staves         | 1 2 3 |  3.4
Slings         | 1 2 3 |  3.4
Crossbows      | 1 2 3 |  3.4
Throwing       | 1 2 3 |  3.4
Shields        | 1 2 3 |  3.4
Unarmed Combat | 1 2 3 |  3.4
Spellcasting   | 1 2 3 |  3.4
Evocations     | 1 2 3 |  3.4
Conjurations   | 1 2 |  2.8
Hexes          | 1 2 |  2.8
Summonings     | 1 2 |  2.8
Necromancy     | 1 2 |  2.8
Translocations | 1 2 |  2.8
Transmutations | 1 2 |  2.8
Fire Magic     | 1 2 |  2.8
Ice Magic      | 1 2 |  2.8
Air Magic      | 1 2 |  2.8
Earth Magic    | 1 2 |  2.8
Poison Magic   | 1 2 |  2.8
Armour         | 3 4 |  4.3
Stealth        | 3 4 |  4.2
Axes           | 5 |  5.8
Bows           | 7 |  7.4
Dodging        | 7 |  7.4

Action                   |  1- 3 |  4- 6 |  7- 9 || total
-------------------------+-------+-------+-------++-------
Melee: Hand axe          |    11 |    72 |     2 ||    85
       Bite              |     1 |     4 |       ||     5
       Staff             |       |       |     8 ||     8
 Fire: Shortbow          |    55 |    98 |   156 ||   309
  Use: Scroll            |       |       |     4 ||     4
       Potion            |       |       |     1 ||     1
Armor: Leather armour    |     9 |     4 |       ||    13
       Chain mail        |       |   174 |   121 ||   295
Dodge: Dodged            |    22 |   208 |   186 ||   416

Table legend: (Time is in decaauts)
 A = Elapsed time spent in this place.
 B = Non-inter-level travel time spent in this place.
 C = Inter-level travel time spent in this place.
 D = Time resting spent in this place.
 E = Time spent auto-exploring this place.
 F = Levels seen in this place.
 G = Mean time per level.
                   A        B        C        D        E       F      G
               +--------+--------+--------+--------+--------+-----+--------+
         Total |   5758 |   4697 |   1061 |    618 |   3069 |   6 |  959.7 |
       Dungeon |   5758 |   4697 |   1061 |    618 |   3069 |   6 |  959.7 |
               +--------+--------+--------+--------+--------+-----+--------+

Top non-repeatable levels by time:
     D:5: 1348 daAuts
     D:4: 1302 daAuts
     D:3: 1200 daAuts
     D:1: 903 daAuts
     D:2: 763 daAuts
     D:6: 239 daAuts
